 Dungeon Crawl Stone Soup version 0.23.2-33-g5129a83184 (webtiles) character file.

Game seed: 16819456822488820159

346 FishyPogo the Changer (level 6, -7/52 HPs)
             Began as a Naga Transmuter on Aug 2, 2019.
             Was an Initiate of Okawaru.
             Killed from afar by an orc wizard (13 damage)
             ... with a wand of acid (9)
             ... on level 4 of the Dungeon.
             The game lasted 00:41:35 (5033 turns).

FishyPogo the Changer (Naga Transmuter)             Turns: 5033, Time: 00:41:36

Health: -7/52      AC:  2    Str: 13    XL:     6   Next: 59%
Magic:  6/10       EV: 19    Int: 15    God:    Okawaru [......]
Gold:   125        SH:  0    Dex: 16    Spells: 5/11 levels left

rFire    . . .     SeeInvis +     - Unarmed
rCold    . . .     Gourm    .   (shield currently unavailable)
rNeg     . . .     Faith    .   (armour currently unavailable)
rPois    x         Spirit   .   (helmet currently unavailable)
rElec    .         Reflect  .   (cloak currently unavailable)
rCorr    .         Harm     .   (gloves currently unavailable)
MR       .....                  (no barding)
Stlth    +.........             (no amulet)
HPRegen  0.17/turn              h - ring of attention (curse)
MPRegen  0.12/turn              (no ring)

@: spider-form (expiring)
A: tiny, see invisible, slow metabolism 1, spit poison 1, AC +2
a: Spit Poison, End Transformation, Renounce Religion


You were on level 4 of the Dungeon.
You worshipped Okawaru.
Okawaru was noncommittal.
You were hungry.
You were a venomous arachnid creature.
You visited 1 branch of the dungeon, and saw 4 of its levels.

You collected 125 gold pieces.

Inventory:

Hand Weapons
 a - a +0 short sword (melded)
Missiles
 f - 40 arrows
 g - 158 stones (quivered)
Armour
 b - a +0 robe
 o - a +0 pair of gloves (melded)
 p - the +2 leather armour of Parts Unknown (melded) {-Tele Regen+ Str+2}
   (You found it on level 4 of the Dungeon)

   It affects your strength (+2).
   It prevents most forms of teleportation.
   It increases your rate of regeneration.
Jewellery
 h - a cursed ring of attention (left front leg)
 n - an uncursed ring of ice {unknown}
Scrolls
 e - 7 scrolls of identify
 j - 2 scrolls of remove curse {unknown}
 k - a scroll of blinking {unknown}
 l - a scroll of teleportation
 r - a scroll of immolation {unknown}
Potions
 c - a potion of curing {unknown}
 i - 2 potions of cancellation {unknown}
 m - a potion of degeneration {unknown}
Comestibles
 d - 8 rations
 q - 3 chunks of flesh


   Skills:
 - Level 2.0 Fighting
 - Level 1.0 Short Blades
 - Level 2.0 Dodging
 - Level 3.4 Stealth
 - Level 3.1 Unarmed Combat
 + Level 3.3 Spellcasting
 * Level 4.7 Transmutations


You had 5 spell levels left.
You knew the following spells:

 Your Spells              Type           Power        Failure   Level  Hunger
a - Beastly Appendage     Tmut           ###...       10%         1    #......
b - Sticks to Snakes      Tmut           ###.....     13%         2    ##.....
c - Spider Form           Tmut/Pois      #.........   43%         3    ###....

Your spell library contained the following spells:

 Spells                   Type           Power        Failure   Level  Hunger
 Ice Form                 Ice/Tmut       #.......     78%         4    #####..
 Blade Hands              Tmut           ###.......   80%         5    ######.


Dungeon Overview and Level Annotations

Branches:
Dungeon (4/15)
 Temple: D:4-7

Altars:
Fedhas
Okawaru


Innate Abilities, Weirdness & Mutations

You cannot wear boots.
((Your serpentine skin is tough. (AC +2)))
You have supernaturally acute eyesight. (SInv)
((Armour fits poorly on your strangely shaped body.))
((Your system is resistant to poisons. (rPois)))
((You cover ground very slowly.))
You have a slow metabolism.
You can spit poison.


Message History

Okawaru accepts your kill.
The orc wizard zaps a wand.
The bolt of acid hits you!
You are splashed with acid!
* * * LOW HITPOINT WARNING * * *
You hit the orc wizard but do no damage.
The orc wizard is poisoned.
Your transformation is almost over.
The orc hits you but does no damage.
The orc wizard gestures at you while chanting.
The puff of frost misses you.
You have got your breath back.
The orc wizard gestures at you while chanting.
The puff of flame misses you.
The orc wizard begins to cast a cantrip, but forgets the words!
You completely miss the orc. The orc completely misses you.
The orc wizard points at you and mumbles some strange words.
The magic dart hits you!
* * * LOW HITPOINT WARNING * * *
The orc wizard zaps a wand.
The bolt of acid hits you!
You die...

.. ... .....##+###
..........#######
................#
................#
................#
...Oo...........#
....S.........s.#
................#
#########'##....o.#
.........oo#......#
[..........#......#
...........#..o...#
...##.....S#......#
#####.....o#.)....#
...##......#......#


You could see an orc wizard (invisible) and an orc.

Vanquished Creatures
  An ogre (D:4)
  An orc wizard (D:3)
  2 iguanas
  3 adders
  An adder skeleton (D:4)
  A worm (D:4)
  5 dart slugs
  A leopard gecko (D:3)
  13 orcs
  12 goblins
  7 hobgoblins
  5 jackals
  8 kobolds
  2 quokkas
  4 bats
  7 frilled lizards
  3 rats
  A plant (D:1)
77 creatures vanquished.

Vanquished Creatures (collateral kills)
  A scorpion (D:4)
  2 adders (D:2)
  2 gnolls (D:2)
  2 orcs
  3 jackals (D:2)
  2 kobolds (D:2)
  2 bats
  A rat (D:2)
15 creatures vanquished.

Grand Total: 92 creatures vanquished

Notes
Turn   | Place    | Note
-------+----------+-------------------------------------------
     0 | D:1      | FishyPogo the Naga Transmuter began the quest for the Orb.
     0 | D:1      | Reached XP level 1. HP: 18/18 MP: 3/3
   325 | D:1      | Reached skill level 1 in Stealth
   325 | D:1      | Reached XP level 2. HP: 12/25 MP: 5/5
   492 | D:1      | Learned a level 2 spell: Sticks to Snakes
  1839 | D:2      | Reached XP level 3. HP: 29/31 MP: 6/6
  2465 | D:2      | Reached XP level 4. HP: 5/38 MP: 4/7
  2906 | D:2      | Reached skill level 1 in Short Blades
  2993 | D:2      | Found an iron altar of Okawaru.
  3001 | D:2      | Became a worshipper of Warmaster Okawaru
  3054 | D:2      | Found a blossoming altar of Fedhas.
  3701 | D:3      | Learned a level 3 spell: Spider Form
  3755 | D:3      | Reached skill level 3 in Transmutations
  3815 | D:3      | Reached XP level 5. HP: 30/45 MP: 8/8
  4855 | D:4      | Got a steaming leather armour
  4866 | D:4      | Identified the +2 leather armour of Parts Unknown {-Tele
                  | Regen+ Str+2} (You found it on level 4 of the Dungeon)
  4935 | D:4      | Reached skill level 4 in Transmutations
  4935 | D:4      | Reached XP level 6. HP: 52/52 MP: 6/10
  5033 | D:4      | Killed from afar by an orc wizard

Skill      XL: |  1  2  3  4  5 |
---------------+----------------+-----
Stealth        | 1 2 3 |  3.4
Short Blades   | 1 |  1.0
Dodging        | 2 |  2.0
Transmutations | 3 4 |  4.7
Fighting       | 2 |  2.0
Spellcasting   | 3 |  3.3
Unarmed Combat | |  3.1

Action                   |  1- 3 |  4- 6 || total
-------------------------+-------+-------++-------
Melee: Short sword       |   281 |   150 ||   431
       Unarmed           |     4 |    17 ||    21
       Headbutt          |     4 |     9 ||    13
       Punch             |     2 |       ||     2
Throw: Stone             |       |     6 ||     6
 Cast: Beastly Appendage |    10 |    14 ||    24
       Sticks to Snakes  |     2 |    27 ||    29
       Spider Form       |       |     3 ||     3
 Abil: Spit Poison       |    10 |    11 ||    21
  Use: Scroll            |     3 |       ||     3
       Potion            |     1 |     1 ||     2
 Stab: Sleeping          |       |     1 ||     1
  Eat: Chunk             |     4 |    10 ||    14
Armor: Robe              |    13 |    43 ||    56
       Skin              |       |     1 ||     1
Dodge: Dodged            |    80 |   113 ||   193
